 Dungeon Crawl Stone Soup version 0.25-a0-190-g27fffb8c76 (webtiles) character file.

Game seed: 8689108383511302665, levelgen mode: deterministic

350 MirrMurr the Poker (level 6, -9/48 HPs)
             Began as a Demonspawn Berserker on Nov 30, 2019.
             Was a Believer of Trog.
             Mangled by a mummy (11 damage)
             ... in an ossuary.
             The game lasted 00:07:23 (3725 turns).

MirrMurr the Poker (Demonspawn Berserker)           Turns: 3725, Time: 00:07:24

Health: -9/48      AC:  7    Str: 19    XL:     6   Next: 33%
Magic:  6/6        EV: 11    Int:  8    God:    Trog [**....]
Gold:   177        SH:  4    Dex: 13    Spells: 5/5 levels left

rFire    + . .     SeeInvis .   a - +0 spear
rCold    . . .     Gourm    .   f - +0 buckler
rNeg     . . .     Faith    .   n - +0 ring mail
rPois    .         Spirit   .   (helmet restricted)
rElec    .         Reflect  .   (no cloak)
rCorr    .         Harm     .   (no gloves)
MR       .....                  (no boots)
Stlth    ++........             (no amulet)
HPRegen  0.16/turn              g - ring of protection from fire
MPRegen  0.10/turn              (no ring)

@: no status effects
A: antennae 1, thin metallic scales 1, nightstalker 1
a: Berserk, Trog's Hand, Renounce Religion


You were in an ossuary.
You worshipped Trog.
Trog was pleased with you.
You were hungry.

You visited 1 branch of the dungeon, and saw 4 of its levels.
You also visited: Ossuary.

You collected 177 gold pieces.

Inventory:

Hand Weapons
 a - a +0 spear (weapon)
 b - a +0 hunting sling
Missiles
 l - 82 stones (quivered)
 m - 46 sling bullets
 w - 12 poisoned darts
Armour
 f - a +0 buckler (worn)
 n - a +0 ring mail (worn)
 p - a +0 helmet
Jewellery
 g - a ring of protection from fire (left hand)
Scrolls
 h - a scroll of blinking
 i - 3 scrolls of teleportation
 r - a scroll of remove curse
 t - 2 scrolls of amnesia {unknown}
 x - 2 scrolls of identify
 y - a scroll of immolation {unknown}
 z - a scroll of enchant armour
Potions
 d - a potion of magic {unknown}
 e - a potion of mutation
 j - a potion of invisibility
 k - 7 potions of curing {unknown}
 o - a potion of haste {unknown}
 q - 2 potions of lignification {unknown}
 s - a potion of brilliance {unknown}
 u - 2 potions of heal wounds {unknown}
Comestibles
 c - 8 rations


   Skills:
 + Level 3.9 Fighting
 * Level 4.4 Polearms
 + Level 3.0 Armour
 + Level 3.0 Dodging
 + Level 1.7 Shields


You had 5 spell levels left.
You didn't know any spells.
Your spell library was empty.

Dungeon Overview and Level Annotations

Branches:
Dungeon (4/15)             Temple (0/1) D:4         Ossuary (1/1)

Altars:
Ashenzari
Cheibriados
Trog
Vehumet
The Shining One


Innate Abilities, Weirdness & Mutations

You have a pair of small antennae on your head.
You are partially covered in thin metallic scales. (AC +2)
You are slightly more attuned to the shadows.


Message History

You barely miss the mummy.
The mummy is almost destroyed.
You hit the mummy but do no damage.
The mummy is almost destroyed.
The mummy barely misses you.
You hit the mummy but do no damage.
The mummy is almost destroyed.
The mummy barely misses you.
Okay, then.
You hit the mummy but do no damage.
The mummy is almost destroyed.
You hit the mummy but do no damage.
The mummy is almost destroyed.
The mummy hits you but does no damage.
You hit the mummy but do no damage.
The mummy is almost destroyed.
You hit the mummy.
The mummy is almost destroyed.
The mummy hits you!
You die...

#...(....#
#(.....#
#(.(.#
#(.(.#
#..(.#
#...(#
#....#
#...M#
#..@.#
#....#
#.∩∩.#
######


You could see a mummy.

Vanquished Creatures
  2 hounds (D:4)
  2 worker ants (D:4)
  A hound skeleton (D:4)
  3 mummies (Ossuary)
  7 gnolls
  3 adders (D:3)
  An adder skeleton (D:4)
  3 worms
  3 dart slugs
  6 leopard geckos
  4 orcs
  2 bats
  2 giant cockroaches
  2 gnoll zombies (Ossuary)
  4 goblins
  5 hobgoblins
  7 quokkas
  A ball python (D:1)
  4 frilled lizards
  A hobgoblin zombie (Ossuary)
  6 kobolds
  4 kobold zombies (Ossuary)
  An orc zombie (Ossuary)
  5 rats
79 creatures vanquished.

Vanquished Creatures (others)
  A worm (D:4)
1 creature vanquished.

Grand Total: 80 creatures vanquished

Notes
Turn   | Place    | Note
-------+----------+-------------------------------------------
     0 | D:1      | MirrMurr the Demonspawn Berserker began the quest for the
                  | Orb.
     0 | D:1      | Reached XP level 1. HP: 18/18 MP: 1/1
   546 | D:1      | Gained mutation: You are partially covered in thin metallic
                  | scales. (AC +2) [demonic ancestry]
   546 | D:1      | Reached XP level 2. HP: 24/24 MP: 2/2
   715 | D:2      | Reached skill level 3 in Polearms
   720 | D:2      | Gained mutation: You are slightly more attuned to the
                  | shadows. [demonic ancestry]
   720 | D:2      | Reached XP level 3. HP: 29/29 MP: 3/3
   897 | D:2      | Found a radiant altar of Vehumet.
   981 | D:2      | Found a bloodstained altar of Trog.
  1342 | D:2      | Found a faded altar of an unknown god.
  1414 | D:2      | Reached XP level 4. HP: 35/35 MP: 4/4
  1613 | D:3      | Found a snail-covered altar of Cheibriados.
  1650 | D:3      | Reached ** piety under Trog
  2393 | D:3      | Found a shattered altar of Ashenzari.
  2985 | D:4      | Reached skill level 1 in Shields
  2985 | D:4      | Reached XP level 5. HP: 34/41 MP: 5/5
  3050 | D:4      | Reached skill level 4 in Polearms
  3239 | D:4      | Found a glowing golden altar of the Shining One.
  3242 | D:4      | Found a staircase to the Ecumenical Temple.
  3363 | D:4      | Gained mutation: You have a pair of small antennae on your
                  | head. [demonic ancestry]
  3363 | D:4      | Reached XP level 6. HP: 35/48 MP: 6/6
  3487 | D:4      | Found a sand-covered staircase.
  3493 | Ossuary  | Entered an ossuary
  3718 | Ossuary  | HP: 1/48 [mummy (9)]
  3725 | Ossuary  | Mangled by a mummy

Levels and vault maps discovered:
D:1:      dpeg_arrival_pits, layout_loops_ring, minmay_heptomino_h4
D:2:      layout_basic, lightli_temple_of_fire, lemuel_crystal_altar,
          chequers_ecumenical_altar_island
D:3:      layout_loops_corners, kennysheep_slug_shrine, ashenzari_altar_1
D:4:      kennysheep_the_goblin_king, layout_basic, grunt_qazlal_clouds,
          xom_confusion_cloud, kennysheep_mini_moat, minmay_temple_entry_glass,
          nicolae_ossuary_entry_plus, first_ration, minivault_1,
          serial_bayou_pond_d, nicolae_underground_beach, uniq_natasha
Ossuary:  ossuary_tomb_3

Skill      XL: |  1  2  3  4  5  6 |
---------------+-------------------+-----
Polearms       | 3 4 |  4.4
Armour         | 2 3 |  3.0
Dodging        | 2 3 |  3.0
Shields        | 1 |  1.7
Fighting       | |  3.9

Action                   |  1- 3 |  4- 6 || total
-------------------------+-------+-------++-------
Melee: Spear             |   145 |   240 ||   385
 Fire: Hunting sling     |       |    38 ||    38
Invok: Berserk           |     1 |     2 ||     3
  Use: Scroll            |     7 |     1 ||     8
 Stab: Sleeping          |     3 |     5 ||     8
  Eat: Chunk             |     3 |     8 ||    11
Armor: Animal skin       |    18 |       ||    18
       Ring mail         |     7 |    59 ||    66
Dodge: Dodged            |    53 |    76 ||   129
Block: Buckler           |     7 |    22 ||    29

Table legend:
 A = Non-vault XP
 B = Vault XP
 C = Vault XP percentage of total XP
 D = Non-vault monster count
 E = Vault monster count
 F = Vault count percentage of total count
                 A         B        C        D         E       F
            +---------+---------+-------+---------+---------+-------
      Total |     428 |      72 |  14.4 |      65 |      14 |  17.7
            +---------+---------+-------+---------+---------+-------
        D:1 |       9 |       4 |  30.8 |       6 |       2 |  25.0
        D:2 |      88 |       0 |   0.0 |      24 |       0 |   0.0
        D:3 |      73 |       4 |   5.2 |      17 |       1 |   5.6
        D:4 |     258 |       0 |   0.0 |      18 |       0 |   0.0
    Ossuary |       0 |      64 | 100.0 |       0 |      11 | 100.0
            +---------+---------+-------+---------+---------+-------
